 Seeded DCSS version 0.28-a0-1184-g53156a8862 (webtiles) character file.

Game seed: 20211215 (custom seed)

2771 muata the Ducker (level 9, 0/57 HPs)
             Began as a Merfolk Ice Elementalist on Dec 15, 2021.
             Slain by a vampire (1 damage)
             ... on level 7 of the Dungeon on Dec 18, 2021.
             The game lasted 00:46:42 (9282 turns).

muata the Ducker (Merfolk Ice Elementalist)         Turns: 9282, Time: 00:46:43

Health: 0/57       AC: 14    Str:  8    XL:     9   Next: 69%
Magic:  11/18      EV: 16    Int: 22    God:
Gold:   337        SH:  0    Dex: 19    Spells: 4/20 levels left

rFire   . . .      SeeInvis .   D - +0 trident (venom)
rCold   x . .      Faith    .   (no shield)
rNeg    + . .      Spirit   .   u - +1 robe {rN+}
rPois   .          Reflect  .   (no helmet)
rElec   .          Harm     .   r - +0 cloak "Vepumit" {+Inv rC- Int+4 Dex+4}
rCorr   .          Rampage  .   d - +2 pair of gloves
Will    .....                   p - +2 pair of boots
Stlth   +++.......              (no amulet)
HPRegen 0.19/turn               k - ring of wizardry
MPRegen 0.16/turn               s - +4 ring of protection

@: no status effects
A: (nimble swimmer 2), mertail
a: Evoke Invisibility


You were on level 7 of the Dungeon.
You visited 1 branch of the dungeon, and saw 7 of its levels.

You collected 337 gold pieces.

Inventory:

Hand Weapons
 D - a +0 trident of venom (weapon)
Missiles
 b - 6 curare-tipped darts
Armour
 d - a +2 pair of gloves (worn)
 p - a +2 pair of boots (worn)
 r - the +0 cloak "Vepumit" (worn) {+Inv rC- Int+4 Dex+4}
   (You found it on level 4 of the Dungeon)

   Int:       It affects your intelligence (+4).
   Dex:       It affects your dexterity (+4).
   rC:        It makes you vulnerable to cold.
   +Inv:      It lets you turn invisible.
 u - a +1 robe of positive energy (worn)
Jewellery
 k - a ring of wizardry (left hand)
 s - a +4 ring of protection (right hand)
Wands
 l - a wand of polymorph (15)
 y - a wand of flame (10) (quivered)
Scrolls
 c - a scroll of teleportation
 h - a scroll of acquirement {unknown}
 j - a scroll of brand weapon {unknown}
 m - a scroll of magic mapping {unknown}
 o - a scroll of noise {unknown}
 q - a scroll of blinking {unknown}
 t - a scroll of amnesia {unknown}
 v - a scroll of vulnerability {unknown}
 x - a scroll of immolation {unknown}
 z - a scroll of enchant armour {unknown}
 B - a scroll of holy word {unknown}
 F - a scroll of identify
Potions
 a - a potion of resistance {unknown}
 e - 2 potions of heal wounds
 f - 3 potions of flight {unknown}
 g - a potion of might {unknown}
 i - a potion of magic {unknown}
 n - 3 potions of attraction {unknown}
 w - 3 potions of lignification {unknown}
 A - a potion of berserk rage {unknown}
 C - 2 potions of curing {unknown}
 E - a potion of mutation {unknown}


   Skills:
 + Level 6.3 Polearms
 + Level 7.2 Dodging
 - Level 6.2 Stealth
 - Level 6.3 Spellcasting
 - Level 4.2 Conjurations
 - Level 5.1 Ice Magic
 - Level 4.1 Evocations


You had 4 spell levels left.
You knew the following spells:

 Your Spells              Type           Power      Damage    Failure   Level
a - Freeze                Ice            100%       1d11      1%          1
b - Frozen Ramparts       Ice            58%        1d7       1%          3
c - Ozocubu's Armour      Ice            29%        N/A       1%          3
d - Hailstorm             Conj/Ice       27%        3d7       5%          4
e - Metabolic Englaciati  Hex/Ice        9%         N/A       32%         5

Your spell library contained the following spells:

 Spells                   Type           Power      Damage    Failure   Level
 Petrify                  Tmut/Erth      6%         N/A       32%         4
 Statue Form              Tmut/Erth      4%         N/A       99%         6


Dungeon Overview and Level Annotations

Branches:
Dungeon (7/15)             Temple (0/1) D:7

Altars:
Fedhas
Okawaru
Yredelemnul

Annotations:
D:6 Prince Ribbit


Innate Abilities, Weirdness & Mutations

((You are quick and stealthy near water. (Stealth+, EV+, Speed+++)))
Your lower body shifts to a powerful aquatic tail in water.


Message History

The vampire burns you. The vampire closely misses you.
The heat melts your icy armour.
Casting: Freeze (safe; 1% risk of failure)
Confirm with . or Enter, or press ? or * to list all spells.
Aiming: Freeze (safe; 1% risk of failure)
Press: ? - help, Shift-Dir - straight line, f/p - vampire
Aim: a vampire, wielding a staff of fire, quivering stones and carrying a wand of iceblast (8) (moderately damaged)
You freeze the vampire.
The vampire resists.
The vampire is heavily damaged.
The vampire misses you.
The vampire bites you but does no damage.
Unknown command.
Casting: Freeze (safe; 1% risk of failure)
Confirm with . or Enter, or press ? or * to list all spells.
Aiming: Freeze (safe; 1% risk of failure)
Press: ? - help, Shift-Dir - straight line, f/p - vampire
Aim: a vampire, wielding a staff of fire, quivering stones and carrying a wand of iceblast (8) (heavily damaged)
You freeze the vampire.
The vampire resists.
The vampire is heavily damaged.
Your icy armour evaporates.
The vampire casts a spell at you.
You are confused.
You're too confused to cast spells.
Unknown command.
Unknown command.
You're too confused to cast spells.
Unknown command.
Unknown command.
You bump into the rock wall.
The vampire draws life force from you.
The vampire is healed by the life force!
The vampire hits you with a staff of fire.
The vampire burns you!
The vampire bites you but does no damage.
The vampire throws a stone.
The stone hits you!
* * * LOW HITPOINT WARNING * * *
You feel less confused.
The vampire hits you with a staff of fire!
* * * LOW HITPOINT WARNING * * *
The vampire burns you.
You die...

.^..#........# ...###.#..##.#
#### ...###..##.#.# #.. ####
..(.##...##..# #.# #...
###.##....##.####.# #...
#...#..>.###......############...
...#.....###.................'>..
##...##...#........#.####....#...
#..####........@V.#.# #....#...
##.####..#.........#.# #....#.#.
...#.................# #....#.#.
.[#...#####........#.# #....#.#.
..........#......<.#.# #....#.#.
.....####.##'####.##.# ..####.#.
........#.##..# #.##.# #.####.#.
......#.#.###.###.##.# #.#....#.
###.#.#.#.# #..##.##.# #.#.####.


You could see a vampire.

Vanquished Creatures
  Pikel (D:4)
  Maggie (D:6)
  The ghost of rougesareth the Stinger, an amateur MfVM (D:4)
  A steam dragon (D:7)
  Menkaure (D:5)
  A black bear (D:6)
  2 ice beasts
  A sky beast (D:6)
  2 ogres
  A centaur (D:7)
  3 lemures
  3 bullfrogs
  A kobold brigand (D:4)
  A scorpion (D:7)
  A centaur zombie (D:6)
  3 bullfrog zombies
  5 hounds
  A jelly (D:4)
  Crazy Yiuf (D:6)
  A centaur skeleton (D:4)
  2 bullfrog skeletons (D:6)
  An orc priest (D:3)
  2 iguanas
  3 howler monkey zombies (D:6)
  4 gnolls (D:4)
  5 adders
  An adder skeleton (D:4)
  2 worms (D:2)
  5 dart slugs
  10 orcs
  12 endoplasms
  3 giant cockroaches
  6 goblins
  9 hobgoblins
  14 kobolds
  3 quokkas
  10 ball pythons
  4 bats
  2 frilled lizards (D:3)
  6 rats
136 creatures vanquished.

Vanquished Creatures (others)
  A fungus (D:4)
  11 plants
12 creatures vanquished.

Grand Total: 148 creatures vanquished

Notes
Turn   | Place    | Note
-------+----------+-------------------------------------------
     0 | D:1      | muata the Merfolk Ice Elementalist began the quest for the
                  | Orb.
     0 | D:1      | Reached XP level 1. HP: 13/13 MP: 3/3
    95 | D:1      | Reached skill level 3 in Dodging
   279 | D:1      | Reached XP level 2. HP: 19/19 MP: 1/5
   431 | D:1      | Reached skill level 4 in Dodging
   711 | D:1      | Reached XP level 3. HP: 24/24 MP: 4/6
   797 | D:1      | Found a faded altar of an unknown god.
  1539 | D:2      | Reached skill level 5 in Ice Magic
  2000 | D:3      | Reached XP level 4. HP: 25/30 MP: 4/7
  2075 | D:3      | Learned a level 3 spell: Frozen Ramparts
  2079 | D:3      | Learned a level 3 spell: Ozocubu's Armour
  2367 | D:3      | Reached skill level 5 in Dodging
  2717 | D:3      | Found a basalt altar of Yredelemnul.
  2726 | D:3      | Reached XP level 5. HP: 35/35 MP: 5/8
  2811 | D:3      | Reached skill level 6 in Dodging
  3546 | D:4      | Reached XP level 6. HP: 41/41 MP: 3/10
  3701 | D:4      | Found a runed translucent gate.
  3701 | D:4      | Found a runed translucent gate.
  3701 | D:4      | Found a runed translucent gate.
  3702 | D:4      | Noticed rougesareth's ghost (amateur MfVM)
  3783 | D:4      | Found an iron altar of Okawaru.
  3816 | D:4      | Identified the +0 cloak "Vepumit" {+Inv rC- Int+4 Dex+4}
  3874 | D:4      | Upgraded the game from 0.28-a0-1152-g9c71ebef14 to
                  | 0.28-a0-1182-g381e24db82
  4892 | D:5      | Entered Level 5 of the Dungeon
  4950 | D:5      | Noticed Pikel
  5059 | D:4      | Killed Pikel
  5060 | D:4      | Reached XP level 7. HP: 30/46 MP: 1/16
  5195 | D:5      | Noticed Menkaure
  5573 | D:5      | Learned a level 4 spell: Hailstorm
  5768 | D:4      | Upgraded the game from 0.28-a0-1182-g381e24db82 to
                  | 0.28-a0-1184-g53156a8862
  5871 | D:5      | Reached XP level 8. HP: 48/52 MP: 17/17
  6103 | D:5      | Killed Menkaure
  6104 | D:5      | Reached skill level 1 in Conjurations
  6369 | D:6      | Noticed Maggie
  6390 | D:6      | Killed Maggie
  6391 | D:6      | Reached skill level 5 in Stealth
  6875 | D:6      | Reached skill level 1 in Polearms
  7407 | D:6      | Noticed Prince Ribbit
  7515 | D:6      | Reached XP level 9. HP: 57/57 MP: 12/18
  7634 | D:4      | Killed rougesareth's ghost
  7635 | D:4      | Reached skill level 5 in Polearms
  8031 | D:6      | Found a runed translucent door.
  8032 | D:6      | Noticed Crazy Yiuf
  8040 | D:6      | Killed Crazy Yiuf
  8348 | D:6      | Reached skill level 1 in Evocations
  8641 | D:7      | Found a blossoming altar of Fedhas.
  8861 | D:7      | Learned a level 5 spell: Metabolic Englaciation
  8956 | D:7      | Found a staircase to the Ecumenical Temple.
  9016 | D:7      | Reached skill level 7 in Dodging
  9282 | D:7      | HP: 1/57 [vampire (10)]
  9282 | D:7      | Slain by a vampire

Illustrated notes

Levels and vault maps discovered:
D:1:      zelgadis_glass_arrival_small, layout_basic,
          hellmonk_ecumenical_altar_heavens_door, minmay_split_cup_large
D:2:      layout_rooms
D:3:      minmay_skewed_foursquare, layout_basic, yredelemnul_altar_generic,
          mrwooster_statue_mirror, minmay_misc_feat_iff, serial_bayou_pond_b
D:4:      layout_basic, okawaru_gym_becter, gammafunk_ghost_nasty_kobolds
D:5:      lemuel_ice_spiral_2, layout_rooms, chequers_serial_rivers_marsh,
          uniq_menkaure, uniq_pikel
D:6:      layout_loops_corners, uniq_prince_ribbit1, uniq_crazy_yiuf_cottage,
          uniq_maggie
D:7:      layout_basic, fedhas_bush_and_centaur_altar, minmay_temple_entry_wispy

Skill      XL: |  1  2  3  4  5  6  7  8  9 |
---------------+----------------------------+-----
Dodging        | 3 4 5 6 7 |  7.2
Ice Magic      | 5 |  5.1
Spellcasting   | 6 |  6.3
Stealth        | 3 6 |  6.2
Conjurations   | 3 4 |  4.2
Polearms       | 4 6 |  6.3
Evocations     | 4 |  4.1

Action                   |  1- 3 |  4- 6 |  7- 9 || total
-------------------------+-------+-------+-------++-------
Melee: Unarmed           |     8 |       |       ||     8
       Dagger            |     6 |       |       ||     6
       Trident           |       |   103 |   167 ||   270
 Cast: Freeze            |    68 |    98 |   130 ||   296
       Ozocubu's Armour  |       |     7 |     8 ||    15
       Frozen Ramparts   |       |     1 |     1 ||     2
       Hailstorm         |       |       |     3 ||     3
Evoke: Wand              |       |       |     9 ||     9
  Use: Scroll            |       |       |     3 ||     3
       Potion            |       |       |     1 ||     1
 Stab: Sleeping          |     1 |     3 |     3 ||     7
Armor: Robe              |    18 |    95 |   128 ||   241
Dodge: Dodged            |    45 |   188 |   249 ||   482

Table legend: (Time is in decaauts)
 A = Elapsed time spent in this place.
 B = Non-inter-level travel time spent in this place.
 C = Inter-level travel time spent in this place.
 D = Time resting spent in this place.
 E = Time spent auto-exploring this place.
 F = Levels seen in this place.
 G = Mean time per level.
                   A        B        C        D        E       F      G
               +--------+--------+--------+--------+--------+-----+--------+
         Total |   9340 |   8985 |    355 |   2723 |   3986 |   7 | 1334.3 |
       Dungeon |   9340 |   8985 |    355 |   2723 |   3986 |   7 | 1334.3 |
               +--------+--------+--------+--------+--------+-----+--------+

Top non-repeatable levels by time:
     D:6: 1847 daAuts
     D:3: 1818 daAuts
     D:4: 1804 daAuts
     D:1: 1229 daAuts
     D:5: 1093 daAuts
     D:7: 798 daAuts
     D:2: 747 daAuts
